Map: Lost and Found LE

Players

soul - Winner!

  • Race: Terran Terran
  • Spawn Location: 7:00

PappiJoe

  • Race: Protoss Protoss
  • Spawn Location: 1:00

Event: WCS Valencia 2018

VOD

Have the link to the VOD?

Description

Time

  • Played on: July 12, 2018, 7:34 a.m.
  • Length: 7:35

All games in this series

Show
View Real Time Build Order
Export as new Build Order

soul Terran - Winner!

Build Orders:  

Get SALT Encoding   

  12  0:00  SCV  
  13  0:14  Supply Depot  
  13  0:17  SCV  
  14  0:29  SCV  
  15  0:36  Barracks  
  15  0:41  SCV  
  16  0:46  Refinery  
  16  0:52  Refinery  
  16  0:56  SCV  
  17  1:08  SCV  
  18  1:24  Reaper, Orbital Command  
  19  1:45  Factory  
  19  1:50  SCV  
  20  2:02  SCV  
  21  2:09  Supply Depot  
  21  2:14  SCV  
  22  2:26  SCV  
  23  2:32  Factory Reactor  
  23  2:38  SCV, Command Center  
  23  2:43  Starport  
  24  2:46  Supply Depot  
  24  2:52  SCV  
  25  3:04  SCV  
  26  3:09  Cyclone  
  26  3:11  Cyclone  
  32  3:16  SCV  
  33  3:24  Medivac  
  35  3:28  Barracks Tech Lab  
  35  3:30  SCV  
  35  3:33  Barracks  
  36  3:51  SCV  
  36  3:52  Orbital Command  
  39  3:58  Marine x2  
  39  4:02  Bunker  
  38  4:03  SCV  
  38  4:04  Cloaking Field  
  38  4:05  Factory Tech Lab  
  39  4:10  Banshee  
  39  4:15  SCV  
  39  4:16  Marine  
  44  4:19  SCV  
  44  4:21  Barracks Tech Lab  
  45  4:25  Marine  
  45  4:27  SCV  
  45  4:28  Supply Depot  
  47  4:31  SCV  
  47  4:32  Stimpack  
  47  4:33  Marine  
  47  4:34  Marine  
  50  4:41  SCV  
  50  4:43  Marine  
  52  4:45  Engineering Bay  
  52  4:48  Supply Depot, SCV  
  53  4:53  Banshee  
  53  4:55  Marine  
  53  4:56  Supply Depot  
  53  4:57  Marine  
  53  4:58  Factory Reactor  
  58  5:00  SCV  
  58  5:01  SCV  
  58  5:05  Marine  
  61  5:11  Refinery  
  61  5:12  SCV  
  61  5:13  SCV  
  63  5:14  Missile Turret  
  63  5:17  Terran Infantry Weapons Level 1  
  63  5:18  Supply Depot  
  63  5:20  Marine  
  63  5:21  Marine  
  65  5:27  Barracks  
  65  5:29  SCV x2  
  65  5:33  Marine  
  68  5:38  Marine  
  68  5:42  Marine  
  68  5:49  SCV  
  63  5:51  Marine  
  63  5:56  Marine, Refinery  
  65  5:59  Command Center, Marine  
  65  6:02  Factory Reactor  
  66  6:05  Medivac  
  66  6:07  Medivac  
  66  6:08  Marine  
  66  6:09  SCV x2  
  70  6:14  Marine  
  70  6:17  Marine  
  72  6:21  SCV x2, Factory Tech Lab  
  74  6:26  Marine  
  74  6:28  Marauder  
  74  6:32  Marine  
  75  6:33  SCV  
  75  6:36  Barracks, Marauder  
  75  6:38  Barracks  
  78  6:44  Concussive Shells, Marine  
  78  6:46  SCV  
  80  6:48  SCV  
  80  6:50  Supply Depot, Marauder  
  80  6:53  Supply Depot  
  83  6:55  Medivac  
  83  6:58  SCV  
  86  7:06  SCV  
  86  7:10  Marine x2  
  86  7:11  SCV, Marauder x2  
  86  7:12  Supply Depot  
Show
View Real Time Build Order
Export as new Build Order

PappiJoe Protoss 

Build Orders: 1 Gate Expand 

Get SALT Encoding   

  12  0:00  Probe  
  13  0:12  Probe  
  14  0:17  Pylon  
  14  0:24  Probe  
  15  0:32  Probe  
  15  0:37  Gateway  
  15  0:40  Probe  
  16  0:46  Assimilator  
  17  0:51  Probe  
  18  1:03  Probe  
  19  1:15  Probe  
  20  1:23  Nexus  
  20  1:31  Cybernetics Core  
  20  1:33  Assimilator, Probe  
  20  1:35  Pylon  
  21  1:45  Probe  
  22  1:50  Gateway  
  22  1:57  Probe  
  22  1:59  Adept  
  23  2:08  Pylon  
  23  2:09  Warp Gate, Probe  
  23  2:20  Robotics Facility  
  23  2:21  Probe  
  22  2:34  Probe  
  23  2:46  Stalker, Probe  
  26  2:58  Immortal  
  26  3:04  Probe  
  31  3:30  Nexus  
  31  3:42  Probe  
  31  3:43  Warp Prism  
  34  3:54  Probe  
  35  3:56  Pylon  
  35  4:06  Probe  
  34  4:18  Gateway  
  34  4:19  Probe  
  35  4:25  Observer, Stalker  
  35  4:31  Probe  
  39  4:39  Probe  
  39  4:40  Probe  
  41  4:48  Probe x2  
  41  4:52  Gateway  
  43  4:57  Probe  
  47  5:01  Probe  
  47  5:03  Robotics Bay  
  47  5:04  Observer  
  46  5:09  Probe  
  46  5:11  Assimilator  
  46  5:13  Probe  
  48  5:21  Probe  
  48  5:23  Stalker x2  
  48  5:25  Probe  
  54  5:31  Pylon  
  54  5:33  Probe  
  51  5:45  Probe x2  
  51  5:55  Warp Prism  
  53  5:57  Probe  
  53  6:01  Probe  
  53  6:09  Probe  
  52  6:13  Probe  
  53  6:22  Probe  
  53  6:24  Stalker x2  
  55  6:25  Probe  
  55  6:34  Shield Battery, Probe  
  55  6:38  Probe  
  57  6:42  Zealot  
  57  6:44  Nexus  
  57  6:45  Probe  
  59  6:47  Probe, Pylon  
  59  6:53  Probe  
  61  6:55  Probe  
  61  6:59  Assimilator  
  63  7:05  Probe  
  63  7:06  Zealot x3  
  70  7:12  Probe  
  70  7:13  Pylon  
  64  7:23  Probe  
  64  7:28  Zealot x3  
Tags
 
Add a new tag
Caveats
  • Supply blocks, unpowered buildings, or Contaminate may cause inaccurate times.
  • Supply counts are checked every 10 seconds.